 Dungeon Sprint DCSS version 0.15.0 (webtiles) character file.

992 Iskender the Martial Artist (level 8, 0/39 HPs)
             Began as a Vine Stalker Monk on Aug 29, 2014.
             Was a Believer of Qazlal.
             Slain by a demonic crawler (7 damage)
             ... in the Dungeon (Sprint I: "Red Sonja").
             The game lasted 00:03:51 (331 turns).

Iskender the Martial Artist (Vine Stalker Monk)      Turns: 331, Time: 00:03:51

HP   0/39        AC  3     Str 15      XL: 8   Next: 18%
MP   0/20        EV 14     Int 10      God: Qazlal [**....]
Gold 423         SH  3     Dex 18      Spells:  0 memorised,  7 levels left

rFire  . . .     SeeInvis .       - Unarmed
rCold  . . .     Clarity  .     d - +0 leather armour
rNeg   . . .     rCorr    .     (no shield)
rPois  .         rRot     +     (no helmet)
rElec  .         Spirit   +     (no cloak)
SustAb .         Warding  .     (no gloves)
rMut   .         NoTele   +     (no boots)
Gourm  .                        (no amulet)
MR     +....                    (no ring)
                                (no ring)

@: somewhat resistant to hostile enchantments, unstealthy
A: fangs 3, regeneration 2, magic shield, antimagic bite, no device heal 3, rot
immunity
a: Upheaval, Renounce Religion


You were in the Dungeon.
You worshipped Qazlal.
Qazlal was pleased with you.
You were not hungry.

You visited 1 branch You collected 423 gold pieces.

Inventory:

Armour
 d - a +0 leather armour (worn)
Comestibles
 b - a bread ration
Scrolls
 g - a scroll of identify {unknown}
 h - a scroll of blinking
Potions
 c - a potion of curing
 e - 3 potions of haste
 f - 2 potions of magic


   Skills:
 - Level 2.6 Fighting
 - Level 4.6 Dodging
 - Level 2.4 Stealth
 + Level 14.9 Unarmed Combat
 - Level 7.1 Invocations


You had 7 spell levels left.
You didn't know any spells.

Dungeon Overview and Level Annotations

Branches:
Dungeon (1/1)

Altars:
Cheibriados
Dithmenos
Elyvilon
Fedhas
Kikubaaqudgha
Makhleb
Nemelex Xobeh
Okawaru
Qazlal
Sif Muna
Trog
Vehumet
Xom
Yredelemnul
Zin
The Shining One
Jiyva

Shops:
D !


Innate Abilities, Weirdness & Mutations

You have razor-sharp teeth.
You heal very quickly.
When hurt, damage is shared between your health and your magic reserves.
Your bite disrupts and absorbs the magic of your enemies.
Potions and wands cannot restore your health.
You are immune to rotting.


Message History

The demonic crawler misses you. The demonic crawler closely misses you.
The demonic crawler misses you.
You closely miss the demonic crawler. Your bite misses the demonic crawler.
The demonic crawler is lightly wounded.
The demonic crawler hits you! The demonic crawler hits you.
The demonic crawler hits you!
You hit the demonic crawler but do no damage.
Your bite misses the demonic crawler.
The demonic crawler is lightly wounded.
The demonic crawler misses you. You block the demonic crawler's attack.
The demonic crawler hits you!
You punch the demonic crawler!
You bite the demonic crawler, but do no damage.
The demonic crawler is moderately wounded.
The demonic crawler hits you!
* * * LOW HITPOINT WARNING * * *
The demonic crawler hits you.
* * * LOW HITPOINT WARNING * * *
The demonic crawler hits you!
You die...

##################
.#.)'..#__#.)'...#
.'..#..'..'.[#..@#
'#####'#__####...sss#
.#...#.#### #####s.+
##..##.# +##
_##ยง#..+ ..'..._#
_##_.#'# _###+#.# ##
###


You could see 4 demonic crawlers.

Vanquished Creatures
  2 kobold demonologists (D)
  A slime creature (D)
  A yak (D)
  An ogre (D)
  Sigmund (D)
  A jelly (D)
  Ijyb (D)
  A giant eyeball (D)
9 creatures vanquished.

Vanquished Creatures (others)
  A gargoyle (D)
1 creature vanquished.

Grand Total: 10 creatures vanquished

Notes
Turn   | Place    | Note
--------------------------------------------------------------
     0 | D        | Iskender, the Vine Stalker Monk, began the quest for the Orb.
     0 | D        | Reached XP level 1. HP: 11/11 MP: 1/1
     1 | D        | Noticed Ijyb
    11 | D        | Killed Ijyb
    11 | D        | Reached skill level 6 in Unarmed Combat
    11 | D        | Reached XP level 2. HP: 16/16 MP: 3/3
    12 | D        | Noticed an ogre
    15 | D        | Killed an ogre
    15 | D        | Reached skill level 9 in Unarmed Combat
    15 | D        | Reached XP level 3. HP: 19/19 MP: 4/4
    15 | D        | Reached XP level 4. HP: 23/23 MP: 5/5
    49 | D        | Noticed Sigmund
    60 | D        | Killed Sigmund
    60 | D        | Reached skill level 11 in Unarmed Combat
    60 | D        | Reached XP level 5. HP: 9/27 MP: 7/7
    72 | D        | Found a deep blue altar of Sif Muna.
   121 | D        | Noticed a jelly
   122 | D        | Found a radiant altar of Vehumet.
   127 | D        | Killed a jelly
   161 | D        | Killed a gargoyle
   168 | D        | Found Semmyreo's Distillery.
   168 | D        | Found a white marble altar of Elyvilon.
   168 | D        | Found a stormy altar of Qazlal.
   168 | D        | Found a burning altar of Makhleb.
   168 | D        | Found a basalt altar of Yredelemnul.
   168 | D        | Found a glowing golden altar of the Shining One.
   168 | D        | Found a sparkling altar of Nemelex Xobeh.
   168 | D        | Found a shimmering altar of Xom.
   168 | D        | Found an ancient bone altar of Kikubaaqudgha.
   168 | D        | Found a glowing silver altar of Zin.
   168 | D        | Noticed a yak
   171 | D        | Found an iron altar of Okawaru.
   172 | D        | Found a bloodstained altar of Trog.
   174 | D        | Became a worshipper of Qazlal Stormbringer
   174 | D        | Acquired Qazlal's first power
   174 | D        | Acquired Qazlal's second power
   180 | D        | Killed a yak
   180 | D        | Gained mutation: You heal very quickly. [vine stalker growth]
   180 | D        | Reached XP level 6. HP: 14/32 MP: 4/13
   216 | D        | Found a snail-covered altar of Cheibriados.
   216 | D        | Found a viscous altar of Jiyva.
   216 | D        | Found a shadowy altar of Dithmenos.
   216 | D        | Found a blossoming altar of Fedhas.
   216 | D        | Noticed a slime creature
   224 | D        | Killed a slime creature
   224 | D        | Reached skill level 13 in Unarmed Combat
   224 | D        | Reached XP level 7. HP: 28/35 MP: 9/15
   276 | D        | Noticed a kobold demonologist
   278 | D        | Noticed a kobold demonologist
   281 | D        | Killed a kobold demonologist
   281 | D        | Reached skill level 14 in Unarmed Combat
   283 | D        | Killed a kobold demonologist
   283 | D        | Gained mutation: You have razor-sharp teeth. [vine stalker growth]
   283 | D        | Reached XP level 8. HP: 39/39 MP: 12/20
   327 | D        | Noticed a demonic crawler
   327 | D        | Noticed a demonic crawler
   327 | D        | Noticed a demonic crawler
   327 | D        | Noticed a demonic crawler
   331 | D        | Slain by a demonic crawler

Action                   |  1- 3 |  4- 6 |  7- 9 || total
-------------------------+-------+-------+-------++-------
Melee: Unarmed           |     8 |    18 |    10 ||    36
Invok: Upheaval          |       |     1 |     1 ||     2
  Use: Potion            |     1 |       |       ||     1
 Stab: Sleeping          |     1 |     1 |       ||     2
